 Dungeon Crawl Stone Soup version 0.31-a0-844-gdc52ec4e09 (webtiles) character file.

Game seed: 5289900910611774957

83 lonewolfV2 the Shield-Bearer (level 4, 0/37 HPs)
             Began as a Formicid Fighter on Sept 28, 2023.
             Slain by a goblin
             ... wielding a +0 dagger
             ... led by Robin
              (2 damage)
             ... on level 2 of the Dungeon.
             The game lasted 00:02:18 (1574 turns).

lonewolfV2 the Shield-Bearer (Formicid Fighter)     Turns: 1574, Time: 00:02:19

Health: 0/37       AC:  6    Str: 22    XL:     4   Next: 71%
Magic:  4/4        EV:  9    Int:  8    God:
Gold:   39         SH:  5    Dex: 13    Spells: 3/3 levels left

rFire   . . .        a - +0 war axe
rCold   . . .        c - +0 buckler
rNeg    . . .        b - +0 scale mail
rPois   .            (helmet unavailable)
rElec   .            (no cloak)
rCorr   .            (no gloves)
SInv    +            (no boots)
Will    .....        (no amulet) Stlth
                     (no ring)
HPRegen 0.26/turn    (no ring)
MPRegen 0.09/turn

%: no passive effects
@: no status effects
A: permanent stasis, dig shafts and tunnels, antennae 3, four strong arms
a: Dig, Shaft Self


You were on level 2 of the Dungeon.
You visited 1 branch of the dungeon, and saw 2 of its levels.

You collected 39 gold pieces.

Inventory:

Hand Weapons
 a - a +0 war axe (weapon)
Armour
 b - a +0 scale mail (worn)
 c - a +0 buckler (worn)
Jewellery
 e - a ring of willpower
Talismans
 f - a flux talisman
Scrolls
 g - 2 scrolls of identify {unknown}
 h - a scroll of noise {unknown}
 i - a scroll of silence
 j - a scroll of teleportation {unknown}
Potions
 d - a potion of might
 k - 2 potions of heal wounds {unknown}
 l - a potion of ambrosia {unknown}
 m - a potion of attraction {unknown}


   Skills:
 + Level 3.6 Fighting
 + Level 3.4 Axes
 + Level 3.5 Armour
 + Level 0.7 Dodging
 + Level 0.1 Stealth
 + Level 4.6 Shields


You had 3 spell levels left.
You didn't know any spells.
Your spell library contained the following spells:

 Spells                   Type           Power      Damage    Failure   Level
 Inner Flame              Hex/Fire       0%         N/A       99%         3
 Flame Wave               Conj/Fire      0%         2d4       100%        4
 Sticky Flame             Conj/Fire      0%         2d3       100%        4


Dungeon Overview and Level Annotations

Branches:
Dungeon (2/15)

Altars:

Annotations:
D:2 Robin


Innate Abilities, Weirdness & Mutations

You cannot be hasted, slowed, berserked, paralysed or teleported.
You can dig through walls and to a lower floor.
You have a pair of large antennae on your head. (SInv)
Your four strong arms can wield two-handed weapons with a shield.


Message History

You hit the goblin.
You kill the goblin!
You closely miss the goblin. The goblin hits you but does no damage.
The hobgoblin hits you but does no damage.
You slash the hobgoblin!
You kill the hobgoblin!
You slash the goblin!
You kill the goblin!
Robin throws the goblin at you!
You hit the hobgoblin.
The hobgoblin is severely wounded.
You barely miss the goblin.
The hobgoblin no longer looks unusually strong.
The goblin no longer looks unusually strong.
The hobgoblin no longer looks unusually strong.
The goblin hits you but does no damage.
Robin roars a battlecry!
The goblins go into a battle-frenzy!
The hobgoblin closely misses you. You block the goblin's attack.
The hobgoblin hits you.
You hit the hobgoblin but do no damage.
The hobgoblin is severely wounded.
You hit the goblin. The goblin hits you with a +0 dagger.
The hobgoblin hits you.
* * * LOW HITPOINT WARNING * * *
Unknown command.
You slash the hobgoblin!
You kill the hobgoblin!
You closely miss the goblin. The goblin hits you with a +0 dagger.
* * * LOW HITPOINT WARNING * * *
You hit the hobgoblin.
The hobgoblin is moderately wounded.
You hit the goblin. The goblin hits you with a +0 dagger.
* * * LOW HITPOINT WARNING * * *
You block the hobgoblin's attack. Robin throws the goblin at you!
* * * LOW HITPOINT WARNING * * *
The goblin barely misses you. The hobgoblin hits you.
* * * LOW HITPOINT WARNING * * *
The goblin hits you with a +0 dagger.
You die...

.......#.†.......#.##
..##.)####)..###.#...
..................<.#
#.>............#....###
#.).............##....#
#...............##....#
#...............##....#
...............)##gJ..# ##.##
...............g@ggg..#.....g
#.)............g###...)......
)).............## #..........
.<......#.....## #...#......
.#.############ #####......
...........# ......
#..........# .....
#..........# .....
#..........# ....


You could see Robin, an endoplasm, 3 hobgoblins and 2 goblins.

Vanquished Creatures
  3 adders (D:2)
  4 endoplasms
  3 giant cockroaches (D:1)
  9 goblins
  5 hobgoblins
  4 jackals (D:1)
  A quokka (D:1)
  4 ball pythons
  6 bats
  2 frilled lizards (D:2)
  8 kobolds
  3 rats
52 creatures vanquished.

Notes
Turn   | Place    | Note
-------+----------+-------------------------------------------
     0 | D:1      | lonewolfV2 the Formicid Fighter began the quest for the
                  | Orb.
     0 | D:1      | Reached XP level 1. HP: 18/18 MP: 1/1
   111 | D:1      | Reached XP level 2. HP: 19/24 MP: 2/2
   357 | D:1      | Reached XP level 3. HP: 29/29 MP: 3/3
  1174 | D:2      | Reached XP level 4. HP: 33/37 MP: 4/4
  1551 | D:2      | Noticed Robin
  1574 | D:2      | Slain by a goblin

Illustrated notes

Levels and vault maps discovered:
D:1:      dpeg_arrival_prison, layout_rooms
D:2:      layout_rooms, uniq_robin

Skill      XL: |  1  2  3 |
---------------+----------+-----
Axes           | 3 |  3.4
Fighting       | |  3.6
Armour         | |  3.5
Dodging        | |  0.7
Stealth        | |  0.1
Shields        | |  4.6

Action                     |  1- 3 |  4- 6 || total
---------------------------+-------+-------++-------
  Melee: War axe           |    97 |    46 ||   143
    Use: Scroll            |     1 |       ||     1
 Armour: Scale mail        |   114 |    55 ||   169
  Dodge: Dodged            |    70 |    21 ||    91
  Block: Buckler           |    38 |    13 ||    51
         Form:             |     1 |       ||     1
         Flux              |     1 |       ||     1

Table legend: (Time is in decaauts)
 A = Elapsed time spent in this place.
 B = Non-inter-level travel time spent in this place.
 C = Inter-level travel time spent in this place.
 D = Time resting spent in this place.
 E = Time spent auto-exploring this place.
 F = Levels seen in this place.
 G = Mean time per level.
                   A        B        C        D        E       F      G
               +--------+--------+--------+--------+--------+-----+--------+
         Total |   1630 |   1584 |     46 |    490 |    665 |   2 |  815.0 |
       Dungeon |   1630 |   1584 |     46 |    490 |    665 |   2 |  815.0 |
               +--------+--------+--------+--------+--------+-----+--------+

Top non-repeatable levels by time:
     D:2: 884 daAuts
     D:1: 745 daAuts
